 Dungeon Crawl Stone Soup version 0.30.1-9-gdf580d7c3d (webtiles) character file.

Game seed: 16567162570668180273

2163 lonewolfV2 the Blocker (level 9, 0/74 HPs)
             Began as a Formicid Fighter on Oct 21, 2023.
             Was a Priest of Okawaru.
             Killed from afar by an electric eel (4 damage)
             ... with a bolt of electricity
             ... on level 6 of the Dungeon.
             The game lasted 00:10:05 (8582 turns).

lonewolfV2 the Blocker (Formicid Fighter)           Turns: 8582, Time: 00:10:05

Health: 0/74       AC: 14    Str: 25    XL:     9   Next: 57%
Magic:  11/13      EV: 11    Int:  8    God:    Okawaru [***...]
Gold:   242        SH:  7    Dex: 13    Spells: 8/8 levels left

rFire   . . .        a - +1 war axe
rCold   + . .        c - +0 buckler
rNeg    . . .        k - +0 chain mail
rPois   .            (helmet unavailable)
rElec   .            j - +0 cloak
rCorr   .            (no gloves)
SInv    +            (no boots)
Will    .....        l - amulet of faith Stlth
                     o - ring of protection from cold
HPRegen 0.32/turn    (no ring)
MPRegen 0.13/turn

%: faith
@: heroic
A: permanent stasis, dig shafts and tunnels, antennae 3, four strong arms
a: Dig, Shaft Self, Renounce Religion, Heroism


You were on level 6 of the Dungeon.
You worshipped Okawaru.
Okawaru was most pleased with you.
You visited 1 branch of the dungeon, and saw 7 of its levels.
You also visited: Sewer.

You collected 242 gold pieces.

Inventory:

Hand Weapons
 a - a +1 war axe (weapon)
Missiles
 s - 2 throwing nets
Armour
 b - a +0 scale mail
 c - a +0 buckler (worn)
 j - a +0 cloak (worn)
 k - a +0 chain mail (worn)
Jewellery
 l - an amulet of faith (around neck)
 o - a ring of protection from cold (left hand)
Scrolls
 f - 4 scrolls of identify
 g - 3 scrolls of vulnerability
 h - 6 scrolls of teleportation
 n - 2 scrolls of poison
 t - a scroll of enchant weapon
 v - a scroll of enchant armour {unknown}
 w - a scroll of immolation {unknown}
Potions
 d - 2 potions of might
 e - a potion of degeneration
 i - 2 potions of cancellation
 m - a potion of flight
 p - a potion of attraction
 q - a potion of mutation
 r - a potion of heal wounds
 u - a potion of lignification


   Skills:
 + Level 8.1(13.1) Fighting
 - Level 2.0(7.0) Axes
 + Level 8.0(13.0) Armour
 - Level 8.6(13.6) Shields
 * Level 5.3 Invocations


You had 8 spell levels left.
You didn't know any spells.
Your spell library contained the following spells:

 Spells                   Type           Power      Damage    Failure   Level
 Ensorcelled Hibernation  Hex/Ice        0%         N/A       95%         2
 Spider Form              Tmut/Pois      0%         N/A       99%         3
 Anguish                  Hex/Necr       0%         N/A       100%        4


Dungeon Overview and Level Annotations

Branches:
Dungeon (7/15)             Temple (0/1) D:4           Sewer (visited)

Altars:
Ashenzari
Dithmenos
Elyvilon
Gozag
Okawaru
Uskayaw
Xom

Annotations:
D:4 Menkaure


Innate Abilities, Weirdness & Mutations

You cannot be hasted, slowed, berserked, paralysed or teleported.
You can dig through walls and to a lower floor.
You have a pair of large antennae on your head. (SInv)
Your four strong arms can wield two-handed weapons with a shield.


Message History

The bolt of electricity hits the electric eel.
The electric eel completely resists.
You miss the electric eel.
The electric eel is severely wounded.
The electric eel shoots out a bolt of lightning at you!
The bolt of electricity hits you!
* * * LOW HITPOINT WARNING * * *
The bolt of electricity misses you.
The bolt of electricity hits the electric eel.
The electric eel completely resists.
You feel much better.
The electric eel shoots out a bolt of lightning at you!
The bolt of electricity hits you!
* * * LOW HITPOINT WARNING * * *
The bolt of electricity hits you.
* * * LOW HITPOINT WARNING * * *
The bolt of electricity hits the electric eel.
The electric eel completely resists.
You gain the combat prowess of a mighty hero.
You hit the electric eel.
The electric eel is almost dead.
The electric eel shoots out a bolt of lightning at you!
The bolt of electricity hits you.
* * * LOW HITPOINT WARNING * * *
The bolt of electricity hits you!
* * * LOW HITPOINT WARNING * * *
The bolt of electricity misses the electric eel.
You barely miss the electric eel.
The electric eel is almost dead.
The electric eel shoots out a bolt of lightning at you!
The bolt of electricity hits you.
* * * LOW HITPOINT WARNING * * *
The bolt of electricity misses you.
The bolt of electricity hits the electric eel.
The electric eel completely resists.
You hit the electric eel.
The electric eel is almost dead.
The electric eel shoots out a bolt of lightning at you!
The bolt of electricity hits you.
You die...

(.............................#
.........###..####..#.######..###
.>.....>.# #..# #..#.## #.....
##.......###..## #.....## ##.##.
###.#.#........#######..## #.##.
....#P...P...P..##≈≈≈##..# #.##.
###...#..#..#..##≈≈⌠≈≈#### ##..#[
##.≈≈≈≈≈≈≈≈≈≈≈S≈...≈≈# #...#.
#............@.._.⌠≈# #.###.
##≈≈≈≈≈≈≈≈≈≈≈≈≈...≈≈#####.# #.
#.#..#..#..##≈≈⌠≈≈##..##.# #.
#..P........##≈≈≈####.##.# #.
########[#..# ##### #.##.# #.
#.##.# #.###.##.###. #.##.#
#?.........#. ####.##.#
#####.#...... #....##.# #....#...


You could see an electric eel.

Vanquished Creatures
  A steam dragon (D:6)
  An orc warrior (D:6)
  An ice beast (D:6)
  A black bear (D:5)
  A centaur (D:5)
  2 phantoms
  4 kobold brigands (Sewer)
  4 bullfrogs
  A scorpion (D:6)
  3 wights (D:6)
  A howler monkey (D:5)
  2 hounds
  A jelly (D:6)
  A sleepcap (D:6)
  4 iguanas
  An orc wizard (D:4)
  22 gnolls
  12 adders
  6 river rats (Sewer)
  A white imp (D:5)
  2 worms
  4 dart slugs
  8 orcs
  6 ball pythons
  6 endoplasms
  5 giant cockroaches
  5 goblins
  6 hobgoblins
  4 jackals
  22 kobolds
  7 quokkas
  7 bats
  6 frilled lizards
  18 rats
176 creatures vanquished.

Notes
Turn   | Place    | Note
-------+----------+-------------------------------------------
     0 | D:1      | lonewolfV2 the Formicid Fighter began the quest for the
                  | Orb.
     0 | D:1      | Reached XP level 1. HP: 18/18 MP: 1/1
    87 | D:1      | Reached XP level 2. HP: 24/24 MP: 2/2
   244 | D:1      | Reached XP level 3. HP: 30/30 MP: 3/3
   514 | D:1      | Reached XP level 4. HP: 22/37 MP: 4/4
  1039 | D:2      | Reached skill level 5 in Shields
  1397 | D:2      | Reached XP level 5. HP: 41/42 MP: 5/5
  2255 | D:2      | Found a faded altar of an unknown god.
  3007 | D:3      | Reached XP level 6. HP: 45/49 MP: 6/6
  3068 | D:3      | Found a faded altar of an unknown god.
  3073 | D:3      | Found a hide-covered altar of Uskayaw.
  3246 | D:3      | Found an iron altar of Okawaru.
  3249 | D:3      | Became a worshipper of Warmaster Okawaru
  3614 | D:4      | Reached skill level 5 in Fighting
  3633 | D:4      | Reached skill level 5 in Armour
  3840 | D:4      | Found an opulent altar of Gozag.
  3986 | D:4      | Reached XP level 7. HP: 42/56 MP: 7/7
  4057 | D:4      | Found a staircase to the Ecumenical Temple.
  4060 | D:4      | Noticed Menkaure
  4074 | D:4      | You fall into a shaft and drop 3 floors!
  4237 | D:7      | Identified the +5 dagger "Xom's Sleight of Hands" {venom,
                  | Int+3}
  4265 | D:6      | Reached * piety under Okawaru
  4489 | D:6      | Reached XP level 8. HP: 58/64 MP: 8/8
  4579 | D:6      | Found a glowing drain.
  4612 | D:6      | Reached ** piety under Okawaru
  4681 | Sewer    | Entered a sewer
  5891 | D:5      | Entered Level 5 of the Dungeon
  6157 | D:5      | Reached skill level 1 in Invocations
  6157 | D:5      | Reached XP level 9. HP: 62/72 MP: 8/10
  6284 | D:5      | Found a shimmering altar of Xom.
  6951 | D:5      | Found a broken altar of Ashenzari.
  7496 | D:6      | Found a white marble altar of Elyvilon.
  7510 | D:6      | HP: 2/73 [electric eel/bolt of electricity (12)]
  7880 | D:6      | Found a shadowy altar of Dithmenos.
  7895 | D:6      | Reached *** piety under Okawaru
  8002 | D:6      | Reached skill level 5 in Invocations
  8581 | D:6      | HP: 3/74 [electric eel/bolt of electricity (6)]
  8582 | D:6      | Killed from afar by an electric eel

Illustrated notes

Levels and vault maps discovered:
D:1:      reono_arrival_mine, layout_basic
D:2:      layout_basic, shapermc_ecumenical_altar_petra,
          kennysheep_generic_room_5
D:3:      layout_loops_cross, nicolae_overflow_ecumenical_swirl,
          lemuel_doored_altar, chequers_mini_garden, glass_columns_a,
          dreamdust_princess_bridge
D:4:      layout_loops_cross, grunt_gozag_breadcrumbs, temple_fountains,
          uniq_menkaure
D:5:      layout_rooms, evilmike_ruin_ashenzari, tgw_xom, roderic_lattice_a,
          grunt_ministairs_10
D:6:      layout_loops_ring, grunt_dithmenos_shadows,
          nicolae_elyvilon_temple_path, gup_sewer_entry_glass
D:7:      corexii_shantytown, layout_rooms, enter_bailey_2,
          hangedman_abyss_or_decor_passed, nicolae_shop_firing_range

Skill      XL: |  1  2  3  4  5  6  7  8  9 |
---------------+----------------------------+-----
Fighting       | 4 5 6 7 8 |  8.1
Armour         | 4 5 6 7 8 |  8.0
Shields        | 5 6 7 8 |  8.6
Invocations    | 1 5 |  5.3
Axes           | |  2.0

Action                     |  1- 3 |  4- 6 |  7- 9 || total
---------------------------+-------+-------+-------++-------
  Melee: War axe           |    54 |   189 |   323 ||   566
 Invoke: Heroism           |       |       |     3 ||     3
Ability: Shaft Self        |       |       |     1 ||     1
         Dig               |       |       |     1 ||     1
    Use: Scroll            |       |    12 |     3 ||    15
         Potion            |       |       |     4 ||     4
 Armour: Scale mail        |    41 |    33 |       ||    74
         Chain mail        |       |    93 |   246 ||   339
  Dodge: Dodged            |    33 |   105 |   183 ||   321
  Block: Buckler           |    15 |    62 |   152 ||   229
